 Dungeon Crawl Stone Soup version 0.26.1-2-gb8aa6d0cf2 (webtiles) character file.

Game seed: 4298195700629046197

114 Majorwet the Skirmisher (level 4, 0/37 HPs)
             Began as a Demonspawn Abyssal Knight on Feb 12, 2021.
             Was a Follower of Lugonu.
             Slain by a gnoll
             ... wielding a +0 flail
              (6 damage)
             ... on level 3 of the Dungeon.
             The game lasted 00:08:53 (3896 turns).

Majorwet the Skirmisher (Demonspawn Abyssal Knight) Turns: 3896, Time: 00:08:54

Health: 0/37       AC: 10    Str: 13    XL:     4   Next: 66%
Magic:  5/5        EV:  6    Int: 13    God:    Lugonu [*.....]
Gold:   176        SH:  0    Dex: 13    Spells: 3/3 levels left

rFire    . . .     SeeInvis .     - Unarmed
rCold    . . .     Faith    .   (no shield)
rNeg     . . .     Spirit   .   o - +0 chain mail
rPois    .         Reflect  .   (helmet restricted)
rElec    .         Harm     .   (no cloak)
rCorr    .         Rampage  .   (no gloves)
Will     .....                  b - +1 pair of boots
Stlth    ..........             (no amulet)
HPRegen  0.12/turn              (no ring)
MPRegen  0.09/turn              (no ring)

@: no status effects
A: horns 1, powered by pain 1
a: Renounce Religion, Depart the Abyss


You were on level 3 of the Dungeon.
You worshipped Lugonu.
Lugonu was aware of your devotion.
You visited 1 branch of the dungeon, and saw 3 of its levels.
You visited the Abyss 1 time.

You collected 176 gold pieces.

Inventory:

Armour
 a - a +0 leather armour
 b - a +1 pair of boots (worn)
 o - a +0 chain mail (worn)
Scrolls
 c - 2 scrolls of enchant weapon {unknown}
 d - a scroll of fog {unknown}
 e - 2 scrolls of remove curse {unknown}
 f - 3 scrolls of identify {unknown}
 g - 2 scrolls of immolation {unknown}
 j - a scroll of teleportation {unknown}
 l - a scroll of fear {unknown}
 m - a scroll of enchant armour {unknown}
Potions
 h - 2 potions of curing {unknown}
 i - 3 potions of berserk rage {unknown}
 k - a potion of cancellation {unknown}
 n - a potion of degeneration {unknown}


   Skills:
 * Level 4.1 Fighting
 + Level 2.4 Armour
 + Level 1.6 Dodging
 * Level 2.8 Unarmed Combat
 - Level 2.4 Invocations


You had 3 spell levels left.
You didn't know any spells.
Your spell library was empty.

Dungeon Overview and Level Annotations

Branches:
Dungeon (3/15)

Altars:
Yredelemnul


Innate Abilities, Weirdness & Mutations

You have a pair of small horns on your head.
You sometimes gain a little power by taking damage.


Message History

The gnoll hits you but does no damage. The gnoll hits you with a +0 flail.
You closely miss the gnoll.
The gnoll is severely wounded.
The gnoll hits you but does no damage.
You barely miss the gnoll.
The gnoll is severely wounded.
The gnoll hits you with a +0 flail!
* * * LOW HITPOINT WARNING * * *
The gnoll hits you but does no damage.
You hit the gnoll.
You kill the gnoll!
Lugonu accepts your kill. The gnoll hits you but does no damage.
The gnoll barely misses you.
You barely miss the gnoll. Your headbutt misses the gnoll.
The gnoll hits you but does no damage.
You hit the gnoll.
The gnoll is heavily wounded.
The gnoll hits you with a +0 flail.
You die...

#..)............ ....
#..†..##.####..# #..
#.†...##.# #.# #.#
###...##.# #.# #.# ..
#.#.##.# #.# ##.# #$#
#.#.#..# #.###..###...#
#.#.#.## #.##..#....#
#.#.#.# #.##.##.####
#.#.#.# #.# #.........#
#..###.# #...###...#
#.####.# #....(....#
#.##...######...#######
#)#..#.##.........#
#(#.##.##.....>...#####
#....#..#.)............


You could see a gnoll.

Vanquished Creatures
  5 gnolls
  An ooze (D:3)
  2 dart slugs
  5 orcs (D:3)
  9 bats
  3 goblins
  8 hobgoblins
  7 jackals (D:2)
  4 kobolds
  2 frilled lizards
  5 rats
51 creatures vanquished.

Notes
Turn   | Place    | Note
-------+----------+-------------------------------------------
     0 | Abyss:1  | Majorwet the Demonspawn Abyssal Knight began the quest for
                  | the Orb.
     0 | Abyss:1  | Reached XP level 1. HP: 18/18 MP: 2/2
    83 | Abyss:1  | Noticed a smoke demon
    84 | D:1      | Escaped the Abyss
   276 | D:1      | Reached * piety under Lugonu
   429 | D:1      | Gained mutation: You have a pair of small horns on your
                  | head. [demonic ancestry]
   429 | D:1      | Reached XP level 2. HP: 23/24 MP: 3/3
  1027 | D:1      | Reached skill level 1 in Dodging
  1674 | D:2      | Found a basalt altar of Yredelemnul.
  1765 | D:1      | Reached XP level 3. HP: 11/30 MP: 4/4
  2201 | D:2      | Reached skill level 4 in Fighting
  2548 | D:2      | Gained mutation: You sometimes gain a little power by
                  | taking damage. [demonic ancestry]
  2548 | D:2      | Reached XP level 4. HP: 14/37 MP: 5/5
  3896 | D:3      | Slain by a gnoll

Illustrated notes

Levels and vault maps discovered:
D:1:      minmay_arrival_five_plusses, layout_basic, minivault_25
D:2:      layout_loops_ring, nicolae_overflow_hidden_temple
D:3:      layout_rooms

Skill      XL: |  1  2  3 |
---------------+----------+-----
Armour         | 2 |  2.4
Dodging        | 1 |  1.6
Unarmed Combat | 2 |  2.8
Fighting       | 4 |  4.1
Invocations    | |  2.4

Action                   |  1- 3 |  4- 6 || total
-------------------------+-------+-------++-------
Melee: Unarmed           |   188 |    94 ||   282
       Headbutt          |    19 |    14 ||    33
       Punch             |     1 |     1 ||     2
Invok: Depart the Abyss  |     1 |       ||     1
Armor: Leather armour    |    84 |    30 ||   114
       Chain mail        |       |    12 ||    12
Dodge: Dodged            |   137 |    49 ||   186
